Map: Lerilak Crest

Players

Bop - Winner!

  • Race: Zerg Zerg

Tbeezy

  • Race: Terran Terran

VOD

Have the link to the VOD?

Description

Time

  • Played on: May 2, 2015, 1:05 a.m.
  • Length: 6:45
Show
View Real Time Build Order
Export as new Build Order

Bop Zerg - Winner!

Build Orders: Hatch First 

Get SALT Encoding   

  12  0:01  Drone  
  13  0:13  Overlord  
  13  0:19  Drone  
  14  0:31  Drone x2  
  16  0:36  Drone  
  17  0:53  Hatchery  
  17  0:56  Drone  
  17  1:00  Drone  
  18  1:04  Extractor  
  17  1:16  Spawning Pool  
  16  1:19  Drone  
  16  1:21  Drone  
  18  1:31  Drone  
  19  2:04  Queen, Zergling x4  
  19  2:05  Metabolic Boost, Queen  
  19  2:07  Overlord  
  25  2:12  Overlord  
  25  2:28  Drone x3  
  28  2:30  Drone  
  29  2:41  Queen  
  31  2:49  Drone x4  
  35  3:01  Overlord  
  35  3:10  Overlord  
  35  3:17  Drone  
  35  3:19  Queen  
  36  3:21  Drone x6  
  44  3:37  Lair, Overlord  
  44  3:41  Extractor x2  
  43  3:42  Drone x3  
  43  3:48  Overlord  
  45  3:55  Queen  
  45  4:01  Zergling x12  
  53  4:04  Overlord  
  52  4:25  Drone x7  
  59  4:41  Extractor  
  59  4:44  Spire, Queen  
  59  4:45  Queen  
  60  4:46  Drone x3  
  61  5:18  Baneling Nest  
  61  5:20  Zergling x14  
  61  5:21  Spore Crawler, Zergling x2  
  67  5:24  Hatchery  
  67  5:25  Drone  
  67  5:35  Overlord x3  
  58  5:58  Mutalisk x6  
  70  6:07  Drone x6  
  76  6:13  Overseer  
  76  6:19  Overlord x2  
  76  6:26  Overlord  
  76  6:36  Hydralisk Den  
Show
View Real Time Build Order
Export as new Build Order

Tbeezy Terran 

Build Orders: 1/1/1, Mech, Siege Tank Drop 

Get SALT Encoding   

  12  0:01  SCV  
  13  0:15  SCV  
  13  0:17  Supply Depot  
  14  0:28  SCV  
  14  0:31  Refinery  
  15  0:41  Barracks  
  15  0:44  SCV  
  16  0:56  SCV  
  17  1:09  SCV  
  18  1:21  SCV  
  19  1:28  Marine  
  20  1:33  Factory  
  20  1:34  Orbital Command  
  20  1:40  Supply Depot  
  20  1:45  Marine  
  21  2:01  SCV  
  21  2:04  Refinery  
  22  2:15  SCV  
  24  2:17  Starport  
  24  2:28  SCV  
  25  2:32  Command Center  
  24  2:38  Factory Tech Lab  
  24  2:40  SCV  
  25  2:44  Supply Depot  
  25  2:55  SCV  
  25  2:57  Siege Tank  
  29  3:00  Marine  
  30  3:07  Medivac  
  30  3:09  SCV  
  33  3:21  SCV  
  33  3:34  Command Center  
  36  3:41  Siege Tank  
  36  3:45  Orbital Command  
  36  3:54  Medivac  
  38  3:55  SCV  
  39  4:15  Orbital Command  
  39  4:18  Siege Tank  
  39  4:19  SCV  
  43  4:32  SCV, Armory  
  44  4:44  SCV x2  
  46  4:47  Marine  
  46  4:49  Orbital Command  
  46  4:51  Factory  
  46  4:52  Supply Depot  
  47  4:56  SCV x2  
  49  5:11  SCV x2  
  51  5:23  SCV x2, Refinery  
  51  5:27  SCV  
  51  5:28  Refinery  
  54  5:30  Supply Depot  
  54  5:32  Factory  
  54  5:35  SCV x2  
  56  5:39  SCV  
  56  5:42  Engineering Bay  
  57  5:47  SCV x2  
  59  5:51  SCV  
  59  5:55  Siege Tank  
  63  5:57  Orbital Command  
  63  5:59  SCV x2  
  63  6:02  Factory Reactor  
  66  6:05  Factory  
  65  6:11  SCV x2  
  65  6:12  Supply Depot  
  65  6:16  Factory  
  67  6:23  SCV, Factory Reactor  
  68  6:26  SCV x2  
  69  6:33  Supply Depot x2  
Tags
 
Add a new tag
Caveats
  • Supply blocks, unpowered buildings, or Contaminate may cause inaccurate times.
  • Supply counts are checked every 10 seconds.